 Dungeon Crawl Stone Soup version 0.25-a0-248-g18654cfe15 (webtiles) character file.

Game seed: 1104807385028813418, levelgen mode: deterministic

630 imorgonsnalla the Chopper (level 7, -2/44 HPs)
             Began as a Gargoyle Berserker on Dec 4, 2019.
             Was a Believer of Trog.
             Slain by Prince Ribbit (10 damage)
             ... on level 5 of the Dungeon.
             The game lasted 00:15:20 (3494 turns).

imorgonsnalla the Chopper (Gargoyle Berserker)      Turns: 3494, Time: 00:15:21

Health: -2/44      AC: 17    Str: 23    XL:     7   Next: 48%
Magic:  7/7        EV:  8    Int:  7    God:    Trog [**....]
Gold:   221        SH:  0    Dex:  9    Spells: 6/6 levels left

rFire    . . .     SeeInvis .   s - +2 mace (crush)
rCold    . . .     Gourm    .   (no shield)
rNeg     + . .     Faith    .   t - +0 chain mail
rPois    ∞         Spirit   .   p - +0 hat
rElec    +         Reflect  .   (no cloak)
rCorr    .         Harm     .   j - +0 pair of gloves (curse)
MR       .....                  q - +2 pair of boots
Stlth    ..........             (no amulet)
HPRegen  0.14/turn              (no ring)
MPRegen  0.10/turn              (no ring)

@: starving
A: negative energy resistance 1, electricity resistance, unbreathing,
petrification resistance, rot immunity, AC +4
a: Berserk, Trog's Hand, Renounce Religion


You were on level 5 of the Dungeon.
You worshipped Trog.
Trog was pleased with you.
You were starving.

You visited 1 branch of the dungeon, and saw 5 of its levels.

You collected 221 gold pieces.

Inventory:

Hand Weapons
 a - a +0 hand axe
 s - a +2 mace of crushing (weapon)
Armour
 j - a cursed +0 pair of gloves (worn)
 p - a +0 hat (worn)
 q - a +2 pair of boots (worn)
 t - a +0 chain mail (worn)
Jewellery
 b - a cursed -2 ring of evasion {unknown}
 l - a cursed -2 ring of strength {unknown}
 z - an uncursed amulet of regeneration {unknown}
Wands
 v - a wand of polymorph (6)
Scrolls
 e - 2 scrolls of teleportation {unknown}
 g - 4 scrolls of remove curse {unknown}
 h - a scroll of fear {unknown}
 n - 4 scrolls of identify {unknown}
 x - a scroll of magic mapping {unknown}
Potions
 d - a potion of lignification {unknown}
 f - 2 potions of heal wounds {unknown}
 i - 4 potions of curing {unknown}
 m - 2 potions of degeneration {unknown}
 o - a potion of magic {unknown}
 r - a potion of mutation {unknown}
 u - a potion of might {unknown}
 w - 2 potions of flight {unknown}
Comestibles
 c - 5 rations


   Skills:
 + Level 5.4 Fighting
 * Level 6.8 Axes
 - Level 2.1 Armour
 - Level 1.5 Dodging


You had 6 spell levels left.
You didn't know any spells.
Your spell library was empty.

Dungeon Overview and Level Annotations

Branches:
Dungeon (5/15)             Temple (0/1) D:4

Altars:
Okawaru
Uskayaw
Wu Jian
Zin

Annotations:
D:4 4 runed translucent doors
D:5 Prince Ribbit


Innate Abilities, Weirdness & Mutations

You are resistant to torment.
Your stone body is resilient. (AC +4)
You are immune to poison.
You resist negative energy. (rN+)
You are resistant to electric shocks. (rElec)
You can survive without breathing.
You are immune to petrification.
You are immune to rotting.


Message History

Found a stone staircase leading up.
You miss Prince Ribbit.
Prince Ribbit is lightly wounded.
Prince Ribbit hits you.
Prince Ribbit hits you but does no damage.
You miss Prince Ribbit.
Prince Ribbit hits you but does no damage.
Prince Ribbit blinks!
Prince Ribbit hits you but does no damage.
You closely miss Prince Ribbit. Prince Ribbit hits you.
Prince Ribbit hits you but does no damage.
You closely miss Prince Ribbit.
Prince Ribbit hits you but does no damage.
You miss Prince Ribbit. Prince Ribbit hits you!
* * * LOW HITPOINT WARNING * * *
Prince Ribbit hits you.
* * * LOW HITPOINT WARNING * * *
A centaur skeleton comes into view.
You closely miss Prince Ribbit. Prince Ribbit hits you!
You die...

.......# Z....#
#...#
###############..#
......<..........#
################.#
#.# #F# #@# #.#
#.# .(# .### #. .
.< .#


You could see Prince Ribbit and a centaur skeleton.

Vanquished Creatures
  A hungry ghost (D:4)
  An ogre (D:4)
  A howler monkey (D:4)
  A crimson imp (D:4)
  An orc priest (D:3)
  A bullfrog skeleton (D:4)
  An orc wizard (D:3)
  2 iguanas (D:4)
  Natasha (D:3)
  2 worker ants (D:4)
  A hound skeleton (D:4)
  5 adders
  A gnoll (D:1)
  An ooze (D:4)
  An adder skeleton (D:4)
  A worm (D:3)
  2 leopard geckos
  3 orcs (D:3)
  3 giant cockroaches
  4 goblins
  10 hobgoblins
  9 kobolds
  2 quokkas
  A ball python (D:1)
  4 bats
  8 frilled lizards
  3 rats (D:1)
71 creatures vanquished.

Notes
Turn   | Place    | Note
-------+----------+-------------------------------------------
     0 | D:1      | imorgonsnalla the Gargoyle Berserker began the quest for
                  | the Orb.
     0 | D:1      | Reached XP level 1. HP: 14/14 MP: 1/1
   160 | D:1      | You fall into a shaft and drop 1 floor!
   170 | D:2      | Reached skill level 3 in Axes
   233 | D:1      | Reached XP level 2. HP: 18/19 MP: 2/2
   682 | D:1      | Reached XP level 3. HP: 23/23 MP: 3/3
   947 | D:2      | Reached skill level 4 in Axes
  1206 | D:2      | Reached XP level 4. HP: 23/28 MP: 4/4
  1427 | D:2      | Found a hide-covered altar of Uskayaw.
  1677 | D:3      | Reached ** piety under Trog
  2002 | D:3      | Found an iron altar of Okawaru.
  2040 | D:3      | Reached XP level 5. HP: 29/33 MP: 5/5
  2052 | D:3      | Reached skill level 5 in Axes
  2412 | D:3      | Noticed Natasha
  2422 | D:3      | Killed Natasha
  2641 | D:4      | Found an ornate altar of the Wu Jian Council.
  2646 | D:4      | Reached XP level 6. HP: 36/38 MP: 6/6
  2769 | D:4      | Found a large runed translucent door.
  2771 | D:4      | Found a large runed translucent door.
  2793 | D:4      | Found a glowing silver altar of Zin.
  3002 | D:4      | Found a staircase to the Ecumenical Temple.
  3050 | D:4      | Found a large runed translucent door.
  3050 | D:4      | Found a large runed translucent door.
  3136 | D:4      | Reached skill level 6 in Axes
  3302 | D:4      | Reached skill level 5 in Fighting
  3302 | D:4      | Reached XP level 7. HP: 44/44 MP: 7/7
  3309 | D:4      | Noticed a hungry ghost
  3321 | D:4      | Killed a hungry ghost
  3326 | D:4      | Paralysed by fainting for 11 turns
  3454 | D:5      | Entered Level 5 of the Dungeon
  3463 | D:5      | Noticed Prince Ribbit
  3494 | D:5      | Slain by Prince Ribbit

Levels and vault maps discovered:
D:1:      lightli_iron_boxes, layout_loops_corners
D:2:      layout_rooms, eat_drink_and_be_merry_uskayaw
D:3:      layout_basic, lemuel_coloured_pillars_altar, uniq_natasha
D:4:      layout_basic, kennysheep_mini_moat, nicolae_overflow_crystal_walls,
          minmay_temple_entry_gardened_gates, first_ration,
          minmay_hollow_rounded_squares
D:5:      layout_loops_ring, ebering_ghost_sewer_d, kennysheep_generic_room_14,
          uniq_ijyb, uniq_prince_ribbit1

Skill      XL: |  1  2  3  4  5  6 |
---------------+-------------------+-----
Axes           | 3 4 5 6 |  6.8
Fighting       | 4 5 |  5.4
Armour         | |  2.1
Dodging        | |  1.5

Action                   |  1- 3 |  4- 6 |  7- 9 || total
-------------------------+-------+-------+-------++-------
Melee: Hand axe          |    89 |    96 |       ||   185
       Mace              |       |    93 |    48 ||   141
Invok: Berserk           |       |     1 |       ||     1
  Eat: Chunk             |     1 |     8 |     1 ||    10
Armor: Animal skin       |    13 |       |       ||    13
       Ring mail         |    21 |    41 |       ||    62
       Chain mail        |       |    69 |    37 ||   106
Dodge: Dodged            |    66 |    88 |    18 ||   172

Table legend:
 A = Non-vault XP
 B = Vault XP
 C = Vault XP percentage of total XP
 D = Non-vault monster count
 E = Vault monster count
 F = Vault count percentage of total count
                 A         B        C        D         E       F
            +---------+---------+-------+---------+---------+-------
      Total |     527 |     373 |  41.4 |      62 |       9 |  12.7
            +---------+---------+-------+---------+---------+-------
        D:1 |      36 |       0 |   0.0 |      18 |       0 |   0.0
        D:2 |      56 |       0 |   0.0 |      12 |       0 |   0.0
        D:3 |     137 |      35 |  20.3 |      21 |       1 |   4.5
        D:4 |     298 |     338 |  53.1 |      11 |       8 |  42.1
            +---------+---------+-------+---------+---------+-------
